 Dungeon Crawl Stone Soup version 0.25.0-46-gbd7b0854d2 (webtiles) character file.

Game seed: 9124675400713239543

651 DerDa the Fighter (level 7, 0/63 HPs)
             Began as a Gnoll Wanderer on July 16, 2020.
             Succumbed to a scorpion's poison
             ... on level 4 of the Dungeon.
             The game lasted 00:12:41 (6234 turns).

DerDa the Fighter (Gnoll Wanderer)                  Turns: 6234, Time: 00:12:41

Health: 0/63       AC:  2    Str: 19    XL:     7   Next: 53%
Magic:  0/12       EV: 13    Int: 13    God:
Gold:   186        SH:  0    Dex: 13    Spells: 7/13 levels left

rFire    . . .     SeeInvis .   e - +3 dagger
rCold    + . .     Gourm    .   (no shield)
rNeg     . . .     Faith    .   j - +0 robe (curse)
rPois    .         Spirit   +   (helmet restricted)
rElec    .         Reflect  .   (no cloak)
rCorr    .         Harm     .   (no gloves)
MR       .....     Rnd*Tele +   (no boots)
Stlth    ++........             c - amulet of guardian spirit
HPRegen  0.20/turn              m - ring of teleportation (curse)
MPRegen  0.13/turn              (no ring)

@: lethally poisoned (0 -> -3)
A: distributed training, fangs 1, horns 1, cold resistance 1, dopey 1, strong 1,
strong nose
a: no special abilities


You were on level 4 of the Dungeon.
You were very hungry.

You visited 2 branches of the dungeon, and saw 5 of its levels.

You collected 186 gold pieces.

Inventory:

Hand Weapons
 a - a +0 spear
 e - a +3 dagger (weapon)
Armour
 j - a cursed +0 robe (worn)
Jewellery
 c - an amulet of guardian spirit (around neck)
 m - a cursed ring of teleportation (left hand)
Wands
 d - a wand of flame (7)
 p - a wand of digging (7)
Scrolls
 g - 4 scrolls of enchant weapon
 h - a scroll of teleportation {unknown}
 i - a scroll of identify
 k - 3 scrolls of remove curse
 l - a scroll of magic mapping
 o - 2 scrolls of immolation
Comestibles
 f - 9 rations


   Skills:
 + Level 8.9 Fighting
 + Level 2.5 Short Blades
 + Level 2.5 Long Blades
 + Level 2.5 Axes
 + Level 2.5 Maces & Flails
 + Level 2.5 Polearms
 + Level 2.5 Staves
 + Level 2.5 Slings
 + Level 2.5 Bows
 + Level 2.5 Crossbows
 + Level 2.5 Throwing
 + Level 3.6 Armour
 + Level 2.5 Dodging
 + Level 2.5 Stealth
 + Level 5.2 Shields
 + Level 2.5 Unarmed Combat
 + Level 3.8 Spellcasting
 + Level 2.0 Conjurations
 + Level 2.0 Hexes
 + Level 2.0 Charms
 + Level 2.0 Summonings
 + Level 2.0 Necromancy
 + Level 2.0 Translocations
 + Level 3.0 Transmutations
 + Level 2.0 Fire Magic
 + Level 3.0 Ice Magic
 + Level 2.0 Air Magic
 + Level 2.0 Earth Magic
 + Level 2.0 Poison Magic
 + Level 2.8 Invocations
 + Level 2.5 Evocations


You had 7 spell levels left.
You knew the following spells:

 Your Spells              Type           Power        Failure   Level  Hunger
a - Magic Dart            Conj           #...         9%          1    #......
b - Mephitic Cloud        Conj/Pois/Air  #.......     26%         3    ###....
q - Blink                 Tloc           N/A          14%         2    ##.....

Your spell library contained the following spells:

 Spells                   Type           Power        Failure   Level  Hunger
 Call Imp                 Summ           #.......     14%         2    ##.....
 Slow                     Hex            #.......     14%         2    ##.....
 Conjure Flame            Conj/Fire      #.......     26%         3    ###....


Dungeon Overview and Level Annotations

Branches:
Dungeon (4/15)             Temple (1/1) D:4

Altars:
Kikubaaqudgha
Nemelex Xobeh
Qazlal
Sif Muna
Trog
Wu Jian
Xom
Yredelemnul
Zin
Lugonu

Annotations:
D:4 Dowan, Duvessa


Innate Abilities, Weirdness & Mutations

Your experience applies equally to all skills.
You have very sharp teeth.
Your uncanny sense of smell can sniff out nearby items.
You have a pair of small horns on your head.
Your flesh is cold resistant. (rC+)
You are dopey. (Int -2)
Your muscles are strong. (Str +2)


Message History

* * * LOW HITPOINT WARNING * * *
You hit the scorpion but do no damage. Your bite misses the scorpion.
The scorpion is heavily wounded.
The scorpion closely misses you.
You hit the scorpion.
You bite the scorpion, but do no damage.
The scorpion is heavily wounded.
You feel sick. The scorpion stings you.
* * * LOW HITPOINT WARNING * * *
You hit the scorpion but do no damage. You headbutt the scorpion.
You bite the scorpion.
The scorpion is severely wounded.
The scorpion stings you.
* * * LOW HITPOINT WARNING * * *
You hit the scorpion but do no damage.
The scorpion is severely wounded.
You feel sick. The scorpion stings you!
* * * LOW HITPOINT WARNING * * *
You aren't carrying any potions.
You die...

.###...#..........#
...#...#..........#
...#...#..........#
...#...'..........#
...#.(.#..........+
########..........#
..##.....####...s#
...#.....#..#....#
...#.....#..#...@#
####.....#..#....######
...#....##..#.........#
...'....#...#.........#
...#....#...#.........#
####....##..#.........#
.....#####..#......####
.....#......#......#
.....#......'......#


You could see a scorpion.

Vanquished Creatures
  Grinder (D:4)
  A phantom (D:4)
  An orc priest (D:3)
  A bullfrog skeleton (D:4)
  An orc wizard (D:3)
  Natasha (twice) (D:4)
  2 worker ants (D:4)
  A hound skeleton (D:4)
  8 adders
  2 oozes
  A worm (D:2)
  2 dart slugs
  5 leopard geckos
  13 orcs (D:3)
  8 bats
  5 giant cockroaches
  4 goblins
  7 hobgoblins
  3 jackals (D:3)
  2 quokkas
  5 frilled lizards
  A jackal skeleton (D:4)
  7 kobolds
  10 rats
93 creatures vanquished.

Notes
Turn   | Place    | Note
-------+----------+-------------------------------------------
     0 | D:1      | DerDa the Gnoll Wanderer began the quest for the Orb.
     0 | D:1      | DerDa set off with the following items: a +0 spear, a
                  | potion of curing, a +0 robe, a ration; and the following
                  | spell memorised: Magic Dart; and the following spells
                  | available to memorise: Blink, Call Imp, Slow, Conjure
                  | Flame, Mephitic Cloud
     0 | D:1      | Reached XP level 1. HP: 26/26 MP: 4/4
   192 | D:1      | Reached XP level 2. HP: 22/33 MP: 0/5
  1220 | D:2      | Reached XP level 3. HP: 38/38 MP: 1/7
  1225 | D:2      | Learned a level 3 spell: Mephitic Cloud
  1228 | D:2      | Learned a level 2 spell: Blink
  1294 | D:2      | Found an ornate altar of the Wu Jian Council.
  2008 | D:2      | Reached skill level 1 in Invocations
  2119 | D:2      | Reached skill level 1 in Short Blades
  2119 | D:2      | Reached skill level 1 in Long Blades
  2119 | D:2      | Reached skill level 1 in Axes
  2119 | D:2      | Reached skill level 1 in Maces & Flails
  2119 | D:2      | Reached skill level 1 in Polearms
  2119 | D:2      | Reached skill level 1 in Staves
  2119 | D:2      | Reached skill level 1 in Slings
  2119 | D:2      | Reached skill level 1 in Bows
  2119 | D:2      | Reached skill level 1 in Crossbows
  2119 | D:2      | Reached skill level 1 in Throwing
  2119 | D:2      | Reached skill level 1 in Dodging
  2119 | D:2      | Reached skill level 1 in Stealth
  2119 | D:2      | Reached skill level 1 in Unarmed Combat
  2119 | D:2      | Reached skill level 1 in Evocations
  2243 | D:2      | Reached XP level 4. HP: 45/45 MP: 1/8
  2353 | D:2      | Found a shimmering blue altar of Sif Muna.
  2825 | D:2      | Reached skill level 1 in Conjurations
  2825 | D:2      | Reached skill level 1 in Hexes
  2825 | D:2      | Reached skill level 1 in Charms
  2825 | D:2      | Reached skill level 1 in Summonings
  2825 | D:2      | Reached skill level 1 in Necromancy
  2825 | D:2      | Reached skill level 1 in Translocations
  2825 | D:2      | Reached skill level 1 in Fire Magic
  2825 | D:2      | Reached skill level 1 in Air Magic
  2825 | D:2      | Reached skill level 1 in Earth Magic
  2825 | D:2      | Reached skill level 1 in Poison Magic
  3340 | D:3      | Reached XP level 5. HP: 46/51 MP: 2/9
  4264 | D:4      | Noticed Natasha
  4276 | D:4      | Killed Natasha
  4484 | D:4      | Noticed Dowan
  4528 | D:4      | Found a staircase to the Ecumenical Temple.
  4534 | Temple   | Entered the Ecumenical Temple
  4618 | D:4      | Noticed a phantom
  4622 | D:4      | Noticed Duvessa
  4716 | D:3      | Reached XP level 6. HP: 40/57 MP: 6/10
  4734 | D:3      | HP: 2/57 [orc/+0 flail (8)]
  5066 | D:4      | Killed a phantom
  5066 | D:4      | Reached skill level 5 in Shields
  5610 | D:4      | Noticed Natasha
  5615 | D:4      | Killed Natasha
  5644 | D:4      | Noticed Grinder
  5684 | D:4      | Paralysed by Grinder for 5 turns
  5700 | D:4      | Gained mutation: You are dopey. (Int -2) [potion of
                  | mutation]
  5700 | D:4      | Gained mutation: Your muscles are strong. (Str +2) [potion
                  | of mutation]
  5700 | D:4      | Gained mutation: You have a pair of small horns on your
                  | head. [potion of mutation]
  5700 | D:4      | Gained mutation: Your flesh is cold resistant. (rC+)
                  | [potion of mutation]
  5719 | D:4      | Killed Grinder
  5719 | D:4      | Reached XP level 7. HP: 13/63 MP: 2/12
  6232 | D:4      | HP: 1/63 [scorpion (5)]
  6234 | D:4      | Succumbed to a scorpion's poison

Illustrated notes

Levels and vault maps discovered:
D:1:      dpeg_arrival_concentric_ovals, layout_rooms,
          minmay_misc_feat_secret_circle, chequers_mini_garden
D:2:      minmay_angry_zag, layout_rooms, marbit_many_paths,
          overflow_temple_1_default
D:3:      layout_loops_ring
D:4:      layout_gridville, minmay_temple_entry_fiery, uniq_grinder,
          uniq_duvessa, uniq_natasha
Temple:   corrupted_temple

Skill      XL: |  1  2  3  4  5  6  7 |
---------------+----------------------+-----
Transmutations | 2 3 |  3.0
Ice Magic      | 2 3 |  3.0
Invocations    | 1 2 |  2.8
Short Blades   | 1 2 |  2.5
Long Blades    | 1 2 |  2.5
Axes           | 1 2 |  2.5
Maces & Flails | 1 2 |  2.5
Polearms       | 1 2 |  2.5
Staves         | 1 2 |  2.5
Slings         | 1 2 |  2.5
Bows           | 1 2 |  2.5
Crossbows      | 1 2 |  2.5
Throwing       | 1 2 |  2.5
Dodging        | 1 2 |  2.5
Stealth        | 1 2 |  2.5
Unarmed Combat | 1 2 |  2.5
Evocations     | 1 2 |  2.5
Spellcasting   | 3 |  3.8
Conjurations   | 1 2 |  2.0
Hexes          | 1 2 |  2.0
Charms         | 1 2 |  2.0
Summonings     | 1 2 |  2.0
Necromancy     | 1 2 |  2.0
Translocations | 1 2 |  2.0
Fire Magic     | 1 2 |  2.0
Air Magic      | 1 2 |  2.0
Earth Magic    | 1 2 |  2.0
Poison Magic   | 1 2 |  2.0
Armour         | 3 |  3.6
Shields        | 5 |  5.2
Fighting       | |  8.9

Action                   |  1- 3 |  4- 6 |  7- 9 || total
-------------------------+-------+-------+-------++-------
Melee: Spear             |   112 |    73 |       ||   185
       Bite              |    16 |    23 |     3 ||    42
       Dagger            |       |   186 |    27 ||   213
       Punch             |       |     2 |     2 ||     4
       Headbutt          |       |     1 |     6 ||     7
 Cast: Magic Dart        |    55 |    28 |       ||    83
  Use: Scroll            |     3 |     3 |       ||     6
       Potion            |     1 |     5 |     1 ||     7
 Stab: Sleeping          |     2 |     7 |     1 ||    10
       Distracted        |       |     1 |     1 ||     2
  Eat: Chunk             |     6 |    11 |     1 ||    18
Armor: Robe              |    48 |    24 |     2 ||    74
Dodge: Dodged            |    91 |   140 |    10 ||   241
